 Dungeon Crawl Stone Soup version 0.30-a0-862-g1aabd4f9c5 (webtiles) character file.

Game seed: 700158821238381599

4 themarg the Caller (level 1, -2/13 HPs)
             Began as a Merfolk Summoner on Mar 9, 2023.
             Slain by a jackal (3 damage)
             ... on level 1 of the Dungeon.
             The game lasted 00:01:17 (274 turns).

themarg the Caller (Merfolk Summoner)                Turns: 274, Time: 00:01:18

Health: -2/13      AC:  2    Str:  8    XL:     1   Next: 60%
Magic:  2/3        EV: 12    Int: 14    God:
Gold:   11         SH:  0    Dex: 14    Spells: 3/4 levels left

rFire   . . .      SeeInvis .    g - +0 short sword
rCold   . . .      Faith    .    (no shield)
rNeg    . . .      Spirit   .    a - +0 robe
rPois   .          Reflect  .    (no helmet)
rElec   .          Rampage  .    (no cloak)
rCorr   .                        (no gloves)
Will    .....                    (no boots)
Stlth   ++                       (no amulet)
HPRegen 0.22/turn                (no ring)
MPRegen 0.08/turn                (no ring)

@: no status effects
A: (nimble swimmer 2), mertail
a: no special abilities


You were on level 1 of the Dungeon.
You visited 1 branch of the dungeon, and saw 1 of its levels.

You collected 11 gold pieces.

Inventory:

Hand Weapons
 g - a +0 short sword (weapon)
Missiles
 h - 4 stones
Armour
 a - a +0 robe (worn)
Scrolls
 e - a scroll of immolation {unknown}
Potions
 b - a potion of magic
 c - a potion of curing {unknown}
 d - a potion of attraction {unknown}
 f - a potion of degeneration {unknown}


   Skills:
 + Level 2.8 Dodging
 + Level 2.3 Stealth
 + Level 2.0 Spellcasting
 + Level 4.0 Summonings


You had 3 spell levels left.
You knew the following spells:

 Your Spells              Type           Power      Damage    Failure   Level
a - Summon Small Mammal   Summ           48%        N/A       4%          1

Your spell library contained the following spells:

 Spells                   Type           Power      Damage    Failure   Level
 Call Imp                 Summ           12%        N/A       7%          2
 Call Canine Familiar     Summ           12%        N/A       14%         3
 Summon Guardian Golem    Hex/Summ       7%         N/A       30%         3
 Summon Lightning Spire   Summ/Air       7%         N/A       71%         4


Dungeon Overview and Level Annotations

Branches:
Dungeon (1/15)

Altars:


Innate Abilities, Weirdness & Mutations

((You are very nimble when in or above water. (Stealth+, EV+, Speed+++)))
Your lower body shifts to a powerful aquatic tail in water.


Message History

The jackal attacks as you move away! The jackal bites you. x2
You barely miss the jackal. The jackal bites you.
You miss the jackal. The jackal closely misses you.
You hit the jackal but do no damage.
Your bat closely misses the kobold.
The jackal barely misses you.
The kobold misses something.
The jackal bites you but does no damage.
You hit the jackal but do no damage.
Your bat hits the kobold but does no damage.
Your bat hits the kobold. The jackal misses you.
The kobold hits your bat with a +0 short sword.
Your bat dies!
Your bat's corpse disappears in a puff of smoke!
The kobold shouts!
The jackal closely misses you. The jackal barely misses you.
You closely miss the jackal.
Your bat closely misses the jackal.
Something hits your bat.
The jackal bites you but does no damage.
Your bat barely misses the jackal.
You barely miss the jackal. You punch the jackal.
The jackal is lightly wounded.
Your bat hits the jackal but does no damage.
Your bat barely misses the jackal.
The jackal bites you. Something hits your bat.
Your bat dies!
Your bat's corpse disappears in a puff of smoke!
You barely miss the jackal.
The jackal is lightly wounded.
The jackal bites you. x2
You swap places.
Your bat misses the jackal. You hit the jackal.
The jackal is severely wounded.
The jackal bites you.
* * * LOW HITPOINT WARNING * * *
Your bat hits the jackal. The jackal barely misses you.
You closely miss the jackal.
The jackal is almost dead.
The jackal bites you.
* * * LOW HITPOINT WARNING * * *
You swap places.
Your bat closely misses the jackal.
The jackal bites you.
You die...

....).# #.##.# #####.# #.##.#
#♣# #.#######.##.### ....
#.....#.#.#.... .....♣#
#.......#.##.#### .......
#####.....#.#.......#♣.....♣
.).....§..#................#
.......§..######.#...♣.♣.♣.♣.
#######.#.# ###@#...........
......#.#.####Khb#...w.......
.####.#.#....#w###..)........
...##.#.####.#...K...........
...##.#...##.#...b.b......♣.♣
......###.##.#......[........
...##..##.##.#....#....###♣.♣
....##....##.####........ .
.............# #######...


You could see a dart slug, a jackal (ally target), a kobold and a friendly bat
(summoned).

Vanquished Creatures
  A kobold (D:1)
  A rat (D:1)
2 creatures vanquished.

Vanquished Creatures (collateral kills)
  A kobold (D:1)
  A bat (D:1)
2 creatures vanquished.

Grand Total: 4 creatures vanquished

Notes
Turn   | Place    | Note
-------+----------+-------------------------------------------
     0 | D:1      | themarg the Merfolk Summoner began the quest for the Orb.
     0 | D:1      | Reached XP level 1. HP: 13/13 MP: 3/3
   274 | D:1      | Slain by a jackal

Illustrated notes

Levels and vault maps discovered:
D:1:      saegor_arrival_under_anarchy, layout_basic, serial_forest,
          infiniplex_forest_clump_medium, infiniplex_forest_lined_2,
          infiniplex_forest_lined_ring, infiniplex_forest_corner_2,
          infiniplex_forest_lined_room_2, infiniplex_forest_clump_diagonal,
          serial_bayou_pond_d

Action                     || total
---------------------------++-------
  Melee: Short sword       ||    10
         Unarmed           ||     9
         Punch             ||     1
   Cast: Summon Small Mamm ||     8
 Armour: Robe              ||     9
  Dodge: Dodged            ||    15

Table legend: (Time is in decaauts)
 A = Elapsed time spent in this place.
 B = Non-inter-level travel time spent in this place.
 C = Inter-level travel time spent in this place.
 D = Time resting spent in this place.
 E = Time spent auto-exploring this place.
 F = Levels seen in this place.
 G = Mean time per level.
                   A        B        C        D        E       F      G
               +--------+--------+--------+--------+--------+-----+--------+
         Total |    273 |    273 |      0 |     36 |    156 |   1 |  273.0 |
       Dungeon |    273 |    273 |      0 |     36 |    156 |   1 |  273.0 |
               +--------+--------+--------+--------+--------+-----+--------+

Top non-repeatable levels by time:
     D:1: 273 daAuts
